 Dungeon Crawl Stone Soup version 0.30.1-9-gdf580d7c3d (webtiles) character file.

Game seed: 9960980962808751326

2760 monsoonserge the Carver (level 9, -16/68 HPs)
             Began as a Demonspawn Warper on Oct 26, 2023.
             Demolished by an orc warlord
             ... wielding a +6 broad axe
              (29 damage)
             ... in a bailey.
             The game lasted 00:22:58 (5947 turns).

monsoonserge the Carver (Demonspawn Warper)         Turns: 5947, Time: 00:22:59

Health: -16/68     AC: 13    Str: 14    XL:     9   Next: 41%
Magic:  8/12       EV: 12    Int: 18    God:
Gold:   466        SH:  0    Dex: 13    Spells: 11/13 levels left

rFire   + + .        e - +0 long sword
rCold   . . .        (no shield)
rNeg    . . .        i - +1 ring mail of the Thieving Gods {rF++ Regen+ Str+2}
rPois   .            k - +2 hat
rElec   .            I - scarf {repulsion}
rCorr   .            A - +0 pair of gloves
SInv    .            (no boots)
Will    .....        (no amulet)
Stlth   +            h - +4 ring of slaying
HPRegen 1.11/turn    (no ring)
MPRegen 0.13/turn

%: repel missiles
@: no status effects
A: yellow scales 2, spiny 2
a: no special abilities


You were in a bailey.
You visited 2 branches of the dungeon, and saw 9 of its levels.
You also visited: Bailey.

You collected 466 gold pieces.

Inventory:

Hand Weapons
 e - a +0 long sword (weapon)
 x - a +0 dagger of draining
 J - a +0 shortbow of freezing
 L - the +2 war axe "Caonnocwonk" {freeze, +Blink rElec rC- Will+}
   (You found it on level 7 of the Dungeon)

   rC:        It makes you vulnerable to cold.
   rElec:     It insulates you from electricity.
   +Blink:    It lets you blink.
   Will:      It increases your willpower.
Missiles
 d - 7 boomerangs of dispersal
 w - 20 boomerangs (quivered)
 B - 11 javelins
Armour
 i - the +1 ring mail of the Thieving Gods (worn) {rF++ Regen+ Str+2}
   (You found it on level 6 of the Dungeon)

   Str:       It affects your strength (+2).
   rF:        It greatly protects you from fire.
   Regen:     It increases your rate of health regeneration.
 k - a +2 hat (worn)
 n - a +1 scale mail of fire resistance
 y - a +2 robe of willpower
 A - a +0 pair of gloves (worn)
 I - a scarf of repulsion (worn)
Jewellery
 h - a +4 ring of slaying (left hand)
Wands
 C - a wand of quicksilver (6)
 G - a wand of mindburst (1)
Scrolls
 a - 2 scrolls of butterflies {unknown}
 c - 2 scrolls of blinking
 o - 3 scrolls of amnesia
 p - 2 scrolls of teleportation
 r - a scroll of enchant armour
 s - a scroll of magic mapping
 u - a scroll of torment
 v - 2 scrolls of fear
 D - a scroll of immolation
 K - a scroll of silence
Potions
 b - a potion of attraction
 f - 3 potions of resistance
 g - 2 potions of heal wounds
 j - 2 potions of cancellation {unknown}
 l - 3 potions of mutation
 m - 2 potions of brilliance {unknown}
 q - 2 potions of might {unknown}
 t - 2 potions of invisibility {unknown}
 z - 2 potions of lignification {unknown}
 E - 2 potions of flight {unknown}
 F - 4 potions of curing {unknown}
 H - a potion of berserk rage {unknown}
 M - a potion of magic {unknown}
 N - a potion of haste


   Skills:
 + Level 5.4 Fighting
 + Level 8.1 Long Blades
 + Level 2.0 Throwing
 + Level 4.0 Armour
 + Level 4.1 Dodging
 - Level 1.1 Stealth
 + Level 2.6 Spellcasting
 + Level 3.5 Translocations
 + Level 3.2 Evocations


You had 11 spell levels left.
You knew the following spells:

 Your Spells              Type           Power      Damage    Failure   Level
a - Blink                 Tloc           28%        N/A       12%         2

Your spell library contained the following spells:

 Spells                   Type           Power      Damage    Failure   Level
 Apportation              Tloc           28%        N/A       8%          1
 Lesser Beckoning         Tloc           28%        N/A       12%         2
 Teleport Other           Tloc           14%        N/A       24%         3
 Foxfire                  Conj/Fire      8%         2x1d4     32%         1
 Necrotise                Necr           8%         1d4       32%         1
 Summon Small Mammal      Summ           8%         N/A       32%         1
 Portal Projectile        Hex/Tloc       16%        N/A       43%         3
 Vhi's Electric Charge    Tloc/Air       16%        N/A       43%         3
 Ensorcelled Hibernation  Hex/Ice        4%         N/A       45%         2
 Passwall                 Tmut/Erth      1%         N/A       45%         2
 Manifold Assault         Tloc           14%        N/A       61%         4
 Call Canine Familiar     Summ           2%         N/A       69%         3
 Swiftness                Air            2%         N/A       69%         3
 Animate Armour           Summ/Erth      4%         N/A       97%         4
 Leda's Liquefaction      Hex/Erth       1%         N/A       97%         4
 Blade Hands              Tmut           1%         N/A       100%        5
 Fireball                 Conj/Fire      1%         3d3       100%        5
 Iron Shot                Conj/Erth      1%         9d1       100%        6
 Plasma Beam              Fire/Air       1%         2x1d12    100%        6
 Starburst                Conj/Fire      1%         6d3       100%        6


Dungeon Overview and Level Annotations

Branches:
Dungeon (8/15)             Temple (1/1) D:7          Bailey (1/1)
   Lair: D:8-11

Altars:
Ashenzari
Cheibriados
Dithmenos
Fedhas
Gozag
Hepliaklqana
Kikubaaqudgha
Makhleb
Qazlal
Ru
Sif Muna
Uskayaw
Vehumet
Wu Jian
Xom


Innate Abilities, Weirdness & Mutations

You are mostly covered in yellow scales. (AC +3)
You are mostly covered in sharp spines.


Message History

Press: ? - help, Shift-Dir - straight line, f - you, p - orc warlord
Okay, then.
Aiming: Mindburst
Press: ? - help, Shift-Dir - straight line, f/p - orc warlord
Aim: an orc warlord, wielding a +6 broad axe and wearing a +0 plate armour (heavily wounded, chance to affect: 44%)
The orc warlord resists with some effort.
Aiming: Mindburst
Press: ? - help, Shift-Dir - straight line, f/p - orc warlord
Aim: an orc warlord, wielding a +6 broad axe and wearing a +0 plate armour (heavily wounded, chance to affect: 44%)
The orc warlord resists with some effort.
Aiming: Mindburst
Press: ? - help, Shift-Dir - straight line, f/p - orc warlord
Aim: an orc warlord, wielding a +6 broad axe and wearing a +0 plate armour (heavily wounded, chance to affect: 44%)
The orc warlord's mind is blasted!
You feel stable enough to blink again.
Casting: Blink (safe; 12% risk of failure)
Confirm with . or Enter, or press ? or * to list all spells.
You blink.
You hit the orc warlord but do no damage.
The orc warlord is heavily wounded.
The orc warlord hits you with a +6 broad axe!
You hit the orc warlord.
The orc warlord is heavily wounded.
The orc warlord misses you.
You hit the orc warlord.
The orc warlord is heavily wounded.
The orc warlord hits you with a +6 broad axe!
* * * LOW HITPOINT WARNING * * *
Unknown command.
You hit the orc warlord.
The orc warlord is severely wounded.
The orc warlord is struck by your spines.
The orc warlord hits you with a +6 broad axe.
* * * LOW HITPOINT WARNING * * *
You hit the orc warlord but do no damage.
The orc warlord is severely wounded.
You feel stable enough to blink again.
The orc warlord is struck by your spines.
The orc warlord hits you with a +6 broad axe!!
You die...

♣...~~~.#~~.8...8.~~#
♣♣..###'###.......###
♣.##....#~.8...8.~#)
♣##.....#~~~~~~~~~#.
##......####~~~####.
#...8......#'''#....
#.............).....
#...................
##.@8..8...........8
##.o.....#######...
##.....## ##..
##...## ##. ##### ##


You could see an orc warlord.

Vanquished Creatures
  An orc knight (Bailey)
  Menkaure (D:4)
  An acid dragon (D:7)
  2 water moccasins
  3 orc warriors (Bailey)
  3 sky beasts
  An ice beast (D:7)
  A centaur (D:6)
  3 ogres
  Blork the orc (D:4)
  2 scorpions
  2 hounds
  2 jellies
  3 sleepcaps
  3 orc priests
  Crazy Yiuf (D:4)
  2 iguanas
  Jessica (D:3)
  Ijyb (D:4)
  Terence (D:2)
  3 orc wizards
  7 adders
  A shadow imp (D:7)
  An ufetubus (D:4)
  2 dart slugs
  35 orcs
  4 ball pythons
  6 bats
  5 endoplasms
  2 giant cockroaches
  13 goblins
  10 hobgoblins
  10 jackals
  15 kobolds
  A quokka (D:2)
  3 frilled lizards (D:1)
  8 rats
  A butterfly (D:7)
162 creatures vanquished.

Notes
Turn   | Place    | Note
-------+----------+-------------------------------------------
     0 | D:1      | monsoonserge the Demonspawn Warper began the quest for the
                  | Orb.
     0 | D:1      | Reached XP level 1. HP: 16/16 MP: 3/3
   102 | D:1      | Reached skill level 2 in Long Blades
   103 | D:1      | Gained mutation: You are partially covered in yellow
                  | scales. (AC +2) [demonic ancestry]
   103 | D:1      | Reached XP level 2. HP: 4/22 MP: 5/5
   549 | D:2      | Reached skill level 1 in Armour
   553 | D:2      | Reached XP level 3. HP: 27/27 MP: 6/6
   614 | D:2      | Noticed Terence
   623 | D:2      | Killed Terence
   624 | D:2      | Reached skill level 3 in Long Blades
   643 | D:2      | Learned a level 2 spell: Blink
   710 | D:2      | Reached XP level 4. HP: 34/34 MP: 7/7
  1208 | D:3      | Noticed Jessica
  1218 | D:3      | Killed Jessica
  1293 | D:3      | Gained mutation: You are mostly covered in yellow scales.
                  | (AC +3) [demonic ancestry]
  1293 | D:3      | Reached XP level 5. HP: 39/39 MP: 8/8
  1316 | D:3      | Found a faded altar of an unknown god.
  1469 | D:3      | HP: 1/39 [orc/+0 dagger (3)]
  2050 | D:4      | Found a runed translucent door.
  2051 | D:4      | Noticed Crazy Yiuf
  2076 | D:4      | Noticed Blork the orc
  2088 | D:4      | Killed Blork the orc
  2192 | D:4      | Gained mutation: You are partially covered in sharp spines.
                  | [demonic ancestry]
  2192 | D:4      | Reached XP level 6. HP: 15/46 MP: 9/9
  2529 | D:4      | Reached skill level 4 in Long Blades
  2572 | D:4      | Noticed Menkaure
  2579 | D:4      | Killed Menkaure
  2580 | D:4      | Reached skill level 1 in Throwing
  2694 | D:4      | Reached XP level 7. HP: 52/52 MP: 10/10
  2912 | D:4      | Noticed Ijyb
  2923 | D:4      | Killed Ijyb
  2924 | D:4      | Found a broken altar of Ashenzari.
  3160 | D:5      | Entered Level 5 of the Dungeon
  3174 | D:5      | Reached skill level 5 in Long Blades
  3385 | D:5      | Reached skill level 1 in Stealth
  3760 | D:4      | Killed Crazy Yiuf
  3937 | D:6      | Reached skill level 1 in Evocations
  4309 | D:6      | Gained mutation: You are mostly covered in sharp spines.
                  | [demonic ancestry]
  4309 | D:6      | Reached XP level 8. HP: 55/60 MP: 11/11
  4337 | D:6      | Reached skill level 6 in Long Blades
  4340 | D:6      | Identified the +1 ring mail of the Thieving Gods {rF++
                  | Regen+ Str+2}
  4389 | D:6      | Found a stormy altar of Qazlal.
  4654 | D:7      | Identified the +0 robe of Tender Moments {Harm}
  4742 | D:7      | Identified the +2 war axe "Caonnocwonk" {freeze, +Blink
                  | rElec rC- Will+}
  5031 | D:7      | Reached skill level 7 in Long Blades
  5176 | D:7      | Found a staircase to the Ecumenical Temple.
  5195 | Temple   | Entered the Ecumenical Temple
  5378 | D:8      | Identified the +2 whip of Meoq {drain, rCorr Int-3 Dex+3
                  | SInv}
  5421 | D:8      | Noticed an elephant
  5501 | D:8      | Reached XP level 9. HP: 67/67 MP: 12/12
  5604 | D:8      | Found a flagged portal.
  5610 | D:8      | Reached skill level 5 in Fighting
  5618 | Bailey   | Entered a bailey
  5628 | Bailey   | Noticed an orc warlord
  5756 | Bailey   | Found a runed translucent gate.
  5757 | Bailey   | Found a runed translucent gate.
  5759 | Bailey   | Found a runed translucent gate.
  5765 | Bailey   | Noticed an orc knight
  5822 | Bailey   | Killed an orc knight
  5823 | Bailey   | Reached skill level 8 in Long Blades
  5947 | Bailey   | Demolished by an orc warlord

Illustrated notes

Levels and vault maps discovered:
D:1:      psy_arrival_spokes, layout_rooms, chequers_serial_rivers_small_b
D:2:      layout_basic, uniq_terence
D:3:      layout_basic, serial_corexii_hall, corexii_hall_statues_i,
          corexii_hall_statues_u, corexii_hall_statues_deadend,
          ebering_ecumenical_altar_box, uniq_jessica
D:4:      layout_loops_ring, mainiacjoe_overflow_small_starburst,
          uniq_crazy_yiuf_cottage, uniq_menkaure, uniq_ijyb, uniq_blork_the_orc
D:5:      layout_rooms, elyvilon_altar_4
D:6:      layout_basic, grunt_qazlal_clouds
D:7:      layout_loops_cross, minmay_temple_entry_butterflies
D:8:      layout_loops_ring, david_lair_generic, enter_bailey_3
Temple:   eino_temple_lava
Bailey:   bailey_axe_bossmonster_kennysheep, bailey

Skill      XL: |  1  2  3  4  5  6  7  8  9 |
---------------+----------------------------+-----
Long Blades    | 2 3 4 5 7 8 |  8.1
Translocations | 3 |  3.5
Armour         | 1 2 3 4 |  4.0
Dodging        | 2 3 4 |  4.1
Fighting       | 3 4 5 |  5.4
Throwing       | 1 2 |  2.0
Stealth        | 1 |  1.1
Evocations     | 1 3 |  3.2
Spellcasting   | |  2.6

Action                     |  1- 3 |  4- 6 |  7- 9 || total
---------------------------+-------+-------+-------++-------
  Melee: Long sword        |    83 |   172 |   204 ||   459
         Falchion          |     3 |       |       ||     3
         Punch             |     1 |     1 |     2 ||     4
  Throw: Boomerang         |       |     6 |    10 ||    16
   Cast: Blink             |       |     1 |     5 ||     6
  Evoke: Wand              |       |       |    10 ||    10
    Use: Scroll            |       |     9 |     6 ||    15
   Stab: Sleeping          |       |       |     3 ||     3
 Armour: Ring mail         |    43 |       |    44 ||    87
         Leather armour    |     1 |       |       ||     1
         Scale mail        |    12 |   125 |       ||   137
         Robe              |       |     5 |    23 ||    28
  Dodge: Dodged            |    62 |    92 |   117 ||   271
         Repelled          |       |       |     1 ||     1
